AoeStats
← 打一下就投

African Clearing

510483076Analyzed
4v4 RM · 2d ago on Oct 1, 2026· 35m 33s· 8 players
Game mode
Random Map
Map size
Large (8 player)
Population
200
Speed
Normal
Resources
Standard
Victory
Conquest
Starting age
Dark Age
Ending age
Imperial Age
RankedLock teamsTeams togetherTeam positionsShared explorationLock speedFull tech treeHidden civsTurbo modeCheats
Victory
Defeat
🇨🇿 Poles · Czechia
1130
+10
🇳🇱 Mongols · Netherlands
1093
+11
🇺🇸 Varangians · United States
1073
+12
🇬🇧 Malay · United Kingdom
1027
+14
🇨🇳 Berbers · China
1044
-14
🇨🇳 Spanish · China
1002
-25
🇨🇳 Khitans · China
955
-11
🇲🇲 Goths · Myanmar (Burma)
934
-10
猪头
15:15 Feudal Age
17:48 Loom
21:14 Castle Age
19:07 Horse Collar
19:12 Double-Bit Axe
19:53 Town Watch
20:02 Stone Mining
20:03 Gold Mining
24:24 Bow Saw
25:37 Bloodlines
25:27 Husbandry
31:35 Wheelbarrow
打一下就投
13:50 Feudal Age
15:33 Double-Bit Axe
18:37 Bloodlines
18:37 Horse Collar
25:58 Castle Age
24:41 Fletching
27:10 Squires
27:59 Stone Mining
雷欧
5:39 Loom
16:39 Feudal Age
17:49 Domestication
20:28 Castle Age
18:38 Double-Bit Axe
25:24 Pastoralism
26:33 Wheelbarrow
26:46 Fletching
28:20 Bow Saw
29:28 Bodkin Arrow
29:38 Town Watch
32:11 Hand Cart
37:08 Imperial Age
35:36 Husbandry
x
14:42 Feudal Age
13:03 Loom
15:32 Double-Bit Axe
16:34 Horse Collar
19:51 Castle Age
20:01 Wheelbarrow
21:28 Bow Saw
21:16 Pikeman
25:05 Stone Mining
25:06 Gold Mining
25:18 Heavy Plow
26:52 Scale Mail Armor
27:02 Forging
27:51 Anarchy
29:44 Hand Cart
DESTINNI
3:15 Loom
12:40 Feudal Age
13:11 Double-Bit Axe
13:07 Horse Collar
18:25 Gold Mining
22:04 Castle Age
24:27 Wheelbarrow
25:07 Heavy Plow
25:17 Bow Saw
25:31 Scale Barding Armor
25:36 Forging
26:07 Bloodlines
25:58 Husbandry
27:25 Szlachta Privileges
28:19 Chain Barding Armor
28:35 Iron Casting
28:23 Town Watch
31:44 Pikeman
32:55 Squires
32:56 Scale Mail Armor
33:44 Town Patrol
34:13 Hand Cart
Donelson
4:22 Loom
13:33 Feudal Age
17:55 Double-Bit Axe
19:02 Fletching
21:26 Castle Age
20:56 Padded Archer Armor
20:54 Gold Mining
20:45 Crossbowman
22:55 Bodkin Arrow
25:18 Town Watch
29:14 Padded Archer Armor
28:39 Man-at-Arms
29:30 Long Swordsman
31:48 Pikeman
32:29 Squires
33:14 Forging
34:55 Iron Casting
34:55 Bow Saw
35:31 Wheelbarrow
zsole19
3:34 Loom
3:41 Loom
13:50 Feudal Age
16:23 Wheelbarrow
15:36 Double-Bit Axe
16:11 Forging
17:15 Bloodlines
23:07 Castle Age
21:22 Gold Mining
21:16 Horse Collar
24:33 Bow Saw
24:36 Heavy Plow
25:10 Hand Cart
25:42 Iron Casting
30:58 Town Watch
34:54 Imperial Age
32:46 Scale Mail Armor
32:52 Scale Barding Armor
33:25 Gold Shaft Mining
32:41 Stone Mining
33:37 Fletching
33:47 Padded Archer Armor
34:09 Ballistics
35:45 Chain Barding Armor
35:53 Bodkin Arrow
35:58 Padded Archer Armor
MonsterSmeat
4:01 Loom
15:20 Feudal Age
16:37 Double-Bit Axe
17:18 Bloodlines
17:02 Horse Collar
20:03 Wheelbarrow
19:49 Forging
20:00 Scale Barding Armor
25:26 Castle Age
27:24 Bow Saw
28:05 Hand Cart
27:56 Heavy Plow
33:02 Iron Casting
32:18 Fletching
32:39 Husbandry
34:18 Chain Barding Armor
Connection lost

Rejoining the realm…

Still unreachable

The connection could not be restored.

Session expired

The server has moved on; the page needs a fresh start.